 Dungeon Crawl Stone Soup version 0.23.2-11-gf996548c65 (webtiles) character file.

Game seed: 10112333378601786231

99020 das the Bewitcher (level 15, -5/67 HPs)
             Began as a Felid Enchanter on May 19, 2019.
             Was a High Priest of Vehumet.
             Killed from afar by a deep elf mage (32 damage)
             ... with a lance of force
             ... on level 1 of the Elven Halls on June 3, 2019.
             The game lasted 03:40:43 (69825 turns).

das the Bewitcher (Felid Enchanter)                Turns: 69825, Time: 03:40:44

Health: -5/67      AC:  3    Str:  4    XL:     15   Next: 39%
Magic:  15/28      EV: 27    Int: 26    God:    Vehumet [*****.]
Gold:   208        SH:  0    Dex: 17    Spells: 3/31 levels left
                                        Lives:  0   Deaths: 4

rFire    . . .     SeeInvis +     - Unarmed
rCold    + + +     Gourm    .   (shield unavailable)
rNeg     . . .     Faith    +   (armour unavailable)
rPois    +         Spirit   .   (helmet unavailable)
rElec    +         Reflect  .   (cloak unavailable)
rCorr    .         Harm     .   (gloves unavailable)
MR       +++..     Clarity  +   (boots unavailable)
Stlth    ++++++++..             E - amulet "Leasas" {Faith rPois rF- rC++ MR+}
HPRegen  0.21/turn              Q - ring of protection from fire
MPRegen  0.21/turn              X - ring of Compassion {rElec rPois Int+5 Stlth+}

@: studying Ice Magic, quick
A: very small, no armour, no weapons or thrown items, stealth, claws 1, fangs 3,
see invisible, carnivore, clarity, clumsy 1, speed 1, shaggy fur 3, slow
metabolism 1, wild magic 1, MP-powered wands, sharp paws
}: 1/15 runes: serpentine
a: Renounce Religion


You were on level 1 of the Elven Halls.
You worshipped Vehumet.
Vehumet was extremely pleased with you.
You were not hungry.

You visited 6 branches of the dungeon, and saw 29 of its levels.
You visited 1 bazaar.
You also visited: Gauntlet and Ice Cave.

You collected 2596 gold pieces.
You spent 2388 gold pieces at shops.

Inventory:

Missiles
 u - 460 arrows
Jewellery
 q - an uncursed ring of positive energy
 t - a +1 ring of protection
 v - the amulet "Ruuto" {RegenMP rF- rC+++ Str-2 Slay+5}
   (You acquired it on level 1 of the Snake Pit)

   [amulet of magic regeneration]

   It increases your magic regeneration.
   It affects your strength (-2).
   It affects your accuracy and damage with ranged weapons and melee attacks
   (+5).
   It makes you vulnerable to fire.
   It renders you almost immune to cold.
 A - the ring "Sobeozxu" {rN++ MR+ MP+9 SInv}
   (You acquired it on level 1 of the Snake Pit)

   [ring of protection from magic]

   It greatly protects you from negative energy.
   It affects your resistance to hostile enchantments.
   It affects your magic capacity (+9).
   It lets you see invisible.
 E - the amulet "Leasas" (around neck) {Faith rPois rF- rC++ MR+}
   (You found it on level 8 of the Dungeon)

   [amulet of faith]

   It allows you to gain divine favour quickly.
   It makes you vulnerable to fire.
   It greatly protects you from cold.
   It protects you from poison.
   It affects your resistance to hostile enchantments.
 Q - a ring of protection from fire (left paw)
 R - a +1 ring of evasion
 V - the ring "Mafontow" {rPois Str-5 Dex+5 SInv Stlth+}
   (You found it in a Gauntlet)

   [ring of stealth]

   It affects your strength (-5).
   It affects your dexterity (+5).
   It protects you from poison.
   It lets you see invisible.
   It makes you more stealthy.
 W - the ring "Hoschysez" {+Fly MP+9 Dex+2 SInv Stlth+}
   (You took it off a minotaur in a Gauntlet)

   [ring of magical power]

   It affects your dexterity (+2).
   It affects your magic capacity (+9).
   It lets you see invisible.
   It lets you fly.
   It makes you more stealthy.
 X - the ring of Compassion (right paw) {rElec rPois Int+5 Stlth+}
   (You acquired it on level 1 of the Snake Pit)

   [ring of intelligence]

   It affects your intelligence (+5).
   It insulates you from electricity.
   It protects you from poison.
   It makes you more stealthy.
 Y - a +4 ring of strength
Wands
 l - a wand of flame (113)
 s - a wand of acid (18)
 x - a wand of clouds (3)
 y - a wand of iceblast (40)
 B - a wand of digging (7)
 D - a wand of random effects (31)
 F - a wand of polymorph (25)
 H - a wand of paralysis (21)
 K - a wand of enslavement (13)
 P - a wand of disintegration (40)
Scrolls
 a - 17 scrolls of remove curse
 d - 3 scrolls of blinking
 e - 14 scrolls of teleportation
 g - 7 scrolls of immolation
 k - 12 scrolls of magic mapping
 m - 6 scrolls of amnesia
 r - a scroll of silence
 C - 7 scrolls of fear
 S - 3 scrolls of fog
 T - 3 scrolls of vulnerability
 U - 2 scrolls of summoning
 Z - a scroll of torment
Potions
 c - 5 potions of ambrosia
 f - 2 potions of berserk rage
 h - a potion of resistance
 i - 3 potions of might
 j - 3 potions of lignification
 n - 6 potions of curing
 o - 3 potions of haste
 p - 4 potions of brilliance
 w - 4 potions of flight
 z - a potion of invisibility
 G - a potion of agility
 I - a potion of mutation
 L - 2 potions of heal wounds
 N - 3 potions of cancellation
 O - 2 potions of magic
Books
 J - a manual of Ice Magic
Miscellaneous
 M - a crystal ball of energy
Comestibles
 b - 35 rations


   Skills:
 + Level 9.2 Fighting
 + Level 11.8 Dodging
 * Level 17.5 Stealth
 + Level 9.3 Unarmed Combat
 + Level 8.8 Spellcasting
 * Level 11.3 Conjurations
 * Level 17.7 Hexes
 + Level 7.2 Necromancy
 * Level 13.3 Ice Magic
 + Level 10.0 Evocations


You had 3 spell levels left.
You knew the following spells:

 Your Spells              Type           Power        Failure   Level  Hunger
a - Bolt of Cold          Conj/Ice       #######...   2%          6    ######.
b - Ensorcelled Hibernat  Hex/Ice        ######       1%          2    None
c - Confuse               Hex            #######.     1%          3    None
d - Ozocubu's Refrigerat  Ice            #######...   1%          6    ######.
e - Dazzling Spray        Conj/Hex       ######       1%          3    None
f - Summon Guardian Gole  Hex/Summ       ######..     1%          3    None
g - Bolt of Draining      Conj/Necr      ######....   1%          5    ####...

Your spell library contained the following spells:

 Spells                   Type           Power        Failure   Level  Hunger
 Bolt of Fire             Conj/Fire      ######....   24%         6    ######.
 Confusing Touch          Hex            ######       1%          1    None
 Corona                   Hex            #######      1%          1    None
 Magic Dart               Conj           ####         1%          1    None
 Sting                    Conj/Pois      ####         1%          1    None
 Searing Ray              Conj           ######       1%          2    None
 Mephitic Cloud           Conj/Pois/Air  #####...     1%          3    None
 Static Discharge         Conj/Air       ######..     1%          3    None
 Tukima's Dance           Hex            #######.     1%          3    None
 Ozocubu's Armour         Chrm/Ice       ######..     2%          3    None
 Regeneration             Chrm/Necr      #####.....   6%          3    None
 Summon Small Mammal      Summ           ###.         9%          1    None
 Call Imp                 Summ           ###.....     12%         2    None
 Poisonous Vapours        Pois/Air       ###...       12%         2    None
 Shroud of Golubria       Chrm/Tloc      ###.......   12%         2    None
 Swiftness                Chrm/Air       ###.....     12%         2    None
 Call Canine Familiar     Summ           ###.....     22%         3    None
 Gell's Gravitas          Tloc           ###.......   22%         3    None
 Cause Fear               Hex            #######...   1%          4    #......
 Fulminant Prism          Conj/Hex       #######...   1%          4    #......
 Iskenderun's Mystic Bla  Conj           #######.     1%          4    #......
 Metabolic Englaciation   Hex/Ice        #######...   1%          5    ####...
 Yara's Violent Unravell  Hex/Tmut       ######....   1%          5    ####...
 Force Lance              Conj/Tloc      ######..     2%          4    #......
 Summon Ice Beast         Ice/Summ       ######..     5%          4    #......
 Iskenderun's Battlesphe  Conj/Chrm      ######..     5%          5    ####...
 Lightning Bolt           Conj/Air       ######....   5%          5    ####...
 Venom Bolt               Conj/Pois      ######....   5%          5    ####...
 Silence                  Hex/Air        ######....   6%          5    ####...
 Olgreb's Toxic Radiance  Pois           ###.....     17%         4    #......
 Discord                  Hex            #######...   32%         8    #######
 Petrify                  Tmut/Erth      ###.....     54%         4    #......
 Summon Lightning Spire   Summ/Air       ###.....     54%         4    #......
 Summon Forest            Summ/Tloc      ###.......   87%         5    ####...
 Deflect Missiles         Chrm/Air       ###.......   100%        6    ######.
 Disjunction              Tloc           ###.......   100%        8    #######
 Ignition                 Fire           ###.......   100%        8    #######
 Shatter                  Erth           ###.......   100%        9    #######
 Tornado                  Air            ###.......   100%        9    #######
 Portal Projectile        Hex/Tloc       Unusable     N/A         3    N/A
 Excruciating Wounds      Chrm/Necr      Unusable     N/A         5    N/A

Dungeon Overview and Level Annotations

Branches:
Dungeon (15/15)            Temple (1/1) D:5            Lair (6/6) D:9
 Shoals (0/4) Lair:2        Snake (4/4) Lair:2        Slime (0/5) Lair:6
    Orc (2/2) D:10            Elf (1/3) Orc:2        Vaults (0/5) D:13
 Depths (0/5) D:15

Altars:
Cheibriados
Elyvilon
Fedhas
Hepliaklqana
Kikubaaqudgha
Makhleb
Nemelex Xobeh
Okawaru
Ru
Sif Muna
Trog
Uskayaw
Vehumet
Xom
The Shining One

Shops:
D:8 =   D:10 *   Orc:1 *   Orc:2 [[?**}%}}   Elf:1 =   Snake:1 *}??(

Annotations:
Snake:3 3 runed translucent doors, NeAGen181's ghost, adept HOFi; Tubigim's ghost, adept CeHu; Vashnia; Yrghoe Jijamo's ghost, adept DrCj; dracomuter's ghost, adept DrTm


Innate Abilities, Weirdness & Mutations

You cannot wear armour.
You are incapable of wielding weapons or throwing items.
Your paws allow you to move quietly. (Stealth)
You have sharp claws.
You have razor-sharp teeth.
You have supernaturally acute eyesight. (SInv)
You are carnivorous and can eat meat at any time.
You cover ground quickly.
Your thick and shaggy fur keeps you warm. (AC +3, rC+)
You have a slow metabolism.
Your sharp claws are effective at attacking unaware monsters.
You possess an exceptional clarity of mind.
You are clumsy. (Dex -2)
Your spells are a little harder to cast, but a little more powerful.
You expend magic power (3 MP) to strengthen your wands.


Message History

Press: ? - help, Shift-Dir - straight line, f - deep elf mage, p - deep elf knight
Aim: a deep elf mage, wielding a +4 long sword and wearing a +0 leather armour The bolt of cold hits the deep elf knight!!!
The deep elf knight is severely wounded.
Unknown command.
Casting: Bolt of Cold (safe; 2% risk of failure)
Confirm with . or Enter, or press ? or * to list all spells.
Aiming: Bolt of Cold (safe; 2% risk of failure)
Press: ? - help, Shift-Dir - straight line, f/p - deep elf mage
Aim: a deep elf mage, wielding a +4 long sword and wearing a +0 leather armour The bolt of cold hits the deep elf mage!!
The deep elf mage is heavily wounded.
The bolt of cold hits the deep elf mage!!!
The deep elf mage is almost dead.
The deep elf knight points at you and mumbles some strange words.
The shard of ice hits you!! You partially resist.
The deep elf mage mumbles some strange words.
The deep elf mage gestures at you while chanting.
The lance of force hits you!!
You die...

...####+########''###+### #○e ..
...##.......#.....r>...##.##'#...
...#..........?........##.##.#...
................ee.....##..°○'.e.
#.#.#............s.....'..E○e#
#...##..........e......#..##.#
#######..............).#..##.#
#)'#######'####'##..##e#### #..#
#@####.#..........
#.∩#######.....((..........
#........((.######..######.
##..).......# #..# ###'######.#
#..# #+ ##.....# #.# #.?# #..
##....?.# #.# #..# ##...
##.....).# #.# #..# #∩...
#........###.# #..# #....


You could see a deep elf knight, 2 deep elf magi, a tarantella and a hell rat.

Vanquished Creatures
  Jorgrun (Orc:1)
  Kirke (Lair:4)
  7 nagarajas (Snake:4)
  Louise (Snake:4)
  An emperor scorpion (D:15)
  Nessos (Lair:6)
  A minotaur (Gauntlet)
  A dire elephant (D:15)
  A fire dragon (Lair:6)
  The ghost of Descartes the Fighter, a journeyman FoFi of Cheibriados (D:9)
  Josephine (Orc:1)
  8 hydras
  13 naga warriors
  16 anacondas
  2 centaur warriors
  A hell beast (Gauntlet)
  Erica (Orc:1)
  8 two-headed ogres
  16 naga sharpshooters
  7 shock serpents
  Sonja (D:11)
  2 orc high priests
  3 deep elf knights (Elf:1)
  A skeletal warrior (D:13)
  2 salamander mystics
  A wizard (D:13)
  10 naga ritualists
  A lindwurm (Lair:6)
  A wolf spider zombie (D:15)
  3 necromancers
  3 orc knights (Orc:2)
  3 mana vipers
  Pikel (D:6)
  5 manticores
  10 ugly things
  6 oklob plants
  4 orc sorcerers (Orc:2)
  3 cyclopes
  10 deep elf magi
  6 salamanders
  44 black mambas
  7 elephants
  14 guardian serpents
  An ice statue (IceCv)
  12 naga magi
  A black mamba (shapeshifter) (D:15)
  A gargoyle (D:11)
  2 molten gargoyles (Lair:6)
  11 spiny frogs
  3 torpor snails (Lair:2)
  3 rime drakes
  The ghost of gre3edy the Slicer, a novice DsGl (D:5)
  11 freezing wraiths
  2 efreet
  16 komodo dragons
  A queen bee (D:9)
  A polar bear (Lair:5)
  A tengu conjurer (D:15)
  9 trolls
  2 hornets
  5 slime creatures
  9 hippogriffs
  13 blink frogs
  2 dancing weapons
  Sigmund (D:2)
  A shadow (D:14)
  2 spriggans
  4 wyverns
  5 wraiths
  7 hogs (Lair:4)
  25 yaks
  A fire elemental (Gauntlet)
  A hungry ghost (D:10)
  5 basilisks
  A death yak simulacrum (IceCv)
  A steam dragon (D:11)
  38 nagas
  5 wargs
  6 water moccasins
  3 porcupines
  A naga (shapeshifter) (D:14)
  An acid dragon (D:15)
  A floating eye (Lair:3)
  9 hell hounds
  2 alligator simulacra (IceCv)
  2 black bears
  28 orc warriors
  3 sky beasts
  11 ice beasts
  A phantom (D:13)
  A necrophage (D:12)
  7 ogres
  3 eyes of draining
  7 wolves
  4 centaurs
  18 crocodiles
  A big kobold (D:10)
  Blork the orc (D:6)
  17 bullfrogs
  A gnoll sergeant (D:10)
  3 scorpions
  6 killer bees (D:9)
  A wight (D:14)
  8 electric eels
  11 howler monkeys
  3 lava snakes (Lair:6)
  4 centaur zombies
  5 crimson imps
  A bullfrog zombie (D:8)
  A quasit (D:9)
  14 orc priests
  6 jellies
  2 bullfrog skeletons
  5 centaur skeletons
  6 hounds
  Crazy Yiuf (D:2)
  An iguana (D:13)
  22 orc wizards
  6 troll simulacra (IceCv)
  3 spriggan simulacra (IceCv)
  14 worker ants
  4 wolf simulacra
  2 polar bear simulacra (Lair:6)
  3 yak simulacra (Lair:6)
  A hound skeleton (D:6)
  2 howler monkey zombies
  A worker ant zombie (D:5)
  A howler monkey skeleton (D:5)
  6 gnolls
  13 adders
  4 naga simulacra (IceCv)
  An ogre simulacrum (IceCv)
  A shadow imp (D:9)
  12 white imps (IceCv)
  7 oozes
  3 dart slugs
  6 leopard geckos
  78 orcs
  5 giant cockroaches
  8 goblins
  8 hobgoblins
  6 jackals
  7 quokkas
  2 ball pythons (D:2)
  4 bats
  6 frilled lizards
  6 kobolds
  14 rats
  3 river rat simulacra (Lair:6)
  A demonic plant (Gauntlet)
900 creatures vanquished.

Vanquished Creatures (collateral kills)
  An orc warlord (Orc:2)
  Erolcha (D:9)
  2 orc high priests (Orc:2)
  3 skeletal warriors
  2 orc knights
  An orc sorcerer (Orc:2)
  A manticore (D:15)
  Grum (D:9)
  2 porcupines (Lair:1)
  3 orc warriors
  3 ogres
  A centaur (D:10)
  A gnoll sergeant (D:10)
  10 wights
  A draconian simulacrum (IceCv)
  An orc priest (Orc:2)
  2 orc wizards (D:10)
  A troll simulacrum (IceCv)
  A centaur simulacrum (IceCv)
  2 gnolls (D:10)
  A naga simulacrum (IceCv)
  3 orcs
44 creatures vanquished.

Vanquished Creatures (others)
  An oklob plant (Lair:1)
  A spiny frog (Lair:6)
  8 dancing weapons
  A wraith (Orc:1)
  2 slaves (D:6)
  A crocodile (Lair:6)
  A gnoll sergeant (D:10)
  2 electric eels
  2 lava snakes (Lair:6)
  2 orc priests
  2 orc wizards (D:6)
  A troll simulacrum (IceCv)
  A worker ant (D:12)
  A gnoll (D:6)
  An ogre simulacrum (IceCv)
  6 orcs
  11 fungi
  7 plants
  2 withered plants (Snake:3)
53 creatures vanquished.

Grand Total: 997 creatures vanquished

Notes
Turn   | Place    | Note
-------+----------+-------------------------------------------
     0 | D:1      | das the Felid Enchanter began the quest for the Orb.
     0 | D:1      | Reached XP level 1. HP: 7/7 MP: 4/4
   127 | D:1      | Reached XP level 2. HP: 11/11 MP: 3/6
   131 | D:1      | Learned a level 2 spell: Ensorcelled Hibernation
   732 | D:1      | Reached XP level 3. HP: 11/15 MP: 7/7
   737 | D:1      | Learned a level 3 spell: Confuse
  1091 | D:2      | Noticed Sigmund
  1151 | D:2      | Reached skill level 5 in Hexes
  1878 | D:2      | Reached XP level 4. HP: 18/18 MP: 8/8
  1905 | D:2      | Reached skill level 1 in Ice Magic
  1907 | D:2      | Reached skill level 5 in Stealth
  2123 | D:2      | Killed Sigmund
  2123 | D:2      | Reached skill level 1 in Fighting
  2123 | D:2      | Reached XP level 5. HP: 21/22 MP: 3/9
  2128 | D:2      | Learned a level 3 spell: Tukima's Dance
  2400 | D:2      | Found a runed translucent door.
  2401 | D:2      | Noticed Crazy Yiuf
  2575 | D:2      | Killed Crazy Yiuf
  2575 | D:2      | Gained mutation: You are covered in thick fur. (AC +2)
                  | [Felid growth]
  2575 | D:2      | Reached XP level 6. HP: 19/25 MP: 6/11
  2791 | D:3      | Found a sacrificial altar of Ru.
  4616 | D:3      | Found an iron altar of Okawaru.
  4702 | D:3      | Noticed a +0 hand axe
  4703 | D:3      | Noticed a +0 dagger
  4706 | D:3      | Found a hide-covered altar of Uskayaw.
  4729 | D:3      | Reached XP level 7. HP: 30/30 MP: 9/12
  5189 | D:3      | Reached skill level 1 in Evocations
  6160 | D:5      | Entered Level 5 of the Dungeon
  6331 | D:5      | Found a runed translucent gate.
  6332 | D:5      | Found a runed translucent gate.
  6333 | D:5      | Found a runed translucent gate.
  6333 | D:5      | Noticed gre3edy's ghost (novice DsGl)
  6447 | D:5      | Found a staircase to the Ecumenical Temple.
  6466 | Temple   | Entered the Ecumenical Temple
  6477 | Temple   | Became a worshipper of Vehumet
  7104 | D:6      | Found a white marble altar of Elyvilon.
  7395 | D:5      | Learned a level 3 spell: Dazzling Spray
  7407 | D:6      | Noticed Blork the orc
  7409 | D:6      | Killed Blork the orc
  7409 | D:6      | Reached XP level 8. HP: 27/34 MP: 14/14
  7492 | D:6      | Noticed Pikel
  7526 | D:6      | Killed Pikel
  7526 | D:6      | Reached skill level 1 in Conjurations
  7664 | D:6      | Reached skill level 5 in Dodging
  8384 | D:7      | Noticed a hippogriff
  8569 | D:6      | Killed a hippogriff
  8569 | D:6      | Reached XP level 9. HP: 9/38 MP: 15/15
  8975 | D:7      | Reached * piety under Vehumet
  8975 | D:7      | Offered knowledge of Sandblast by Vehumet.
  9106 | D:7      | Learned a level 3 spell: Summon Guardian Golem
 10052 | D:7      | Found a sparkling altar of Nemelex Xobeh.
 10131 | D:7      | Found a deep blue altar of Sif Muna.
 10630 | D:8      | Found Teeroefoh's Jewellery Shop.
 11152 | D:8      | Found a snail-covered altar of Cheibriados.
 12303 | D:8      | Found a burning altar of Makhleb.
 12392 | D:8      | Offered knowledge of Flame Tongue by Vehumet.
 12639 | D:9      | Reached ** piety under Vehumet
 12648 | D:9      | Reached XP level 10. HP: 35/42 MP: 16/17
 12964 | D:9      | Reached skill level 10 in Hexes
 13034 | D:9      | Found a staircase to the Lair.
 13098 | D:9      | Found a transporter.
 13099 | D:9      | Found a transporter.
 13100 | D:9      | Noticed Descartes's ghost (journeyman FoFi)
 13194 | D:9      | Reached skill level 10 in Stealth
 13346 | D:9      | Noticed Erolcha
 13358 | D:9      | Killed Erolcha
 13463 | D:9      | Found a blossoming altar of Fedhas.
 13493 | D:9      | Noticed Grum
 13513 | D:9      | Killed Grum
 13918 | D:10     | Entered Level 10 of the Dungeon
 13959 | D:10     | Offered knowledge of Searing Ray by Vehumet.
 14474 | D:10     | Found Tywiv's General Store.
 14489 | D:10     | Bought a scroll of identify for 26 gold pieces
 14489 | D:10     | Bought a potion of berserk rage for 65 gold pieces
 14498 | D:10     | Gained mutation: Your spells are a little harder to cast,
                  | but a little more powerful. [potion of mutation]
 14498 | D:10     | Gained mutation: You expend magic power (3 MP) to
                  | strengthen your wands. [potion of mutation]
 14499 | D:10     | Lost mutation: Your spells are a little harder to cast, but
                  | a little more powerful. [potion of mutation]
 14499 | D:10     | Lost mutation: You expend magic power (3 MP) to strengthen
                  | your wands. [potion of mutation]
 14499 | D:10     | Gained mutation: Potions are less effective at restoring
                  | your health. [potion of mutation]
 14499 | D:10     | Gained mutation: Potions are poor at restoring your health.
                  | [potion of mutation]
 14499 | D:10     | Gained mutation: You are agile. (Dex +2) [potion of
                  | mutation]
 14499 | D:10     | Gained mutation: You expend magic power (3 MP) to
                  | strengthen your wands. [potion of mutation]
 14500 | D:10     | Lost mutation: You expend magic power (3 MP) to strengthen
                  | your wands. [potion of mutation]
 14500 | D:10     | Lost mutation: You are agile. (Dex +2) [potion of mutation]
 14500 | D:10     | Gained mutation: You have a pair of small horns on your
                  | head. [potion of mutation]
 14500 | D:10     | Gained mutation: You are agile. (Dex +2) [potion of
                  | mutation]
 14500 | D:10     | Gained mutation: You evolve. [potion of mutation]
 14501 | D:10     | Lost mutation: You evolve. [potion of mutation]
 14501 | D:10     | Lost mutation: You have a pair of small horns on your head.
                  | [potion of mutation]
 14501 | D:10     | Lost mutation: Potions are poor at restoring your health.
                  | [potion of mutation]
 14501 | D:10     | Gained mutation: You are weak. (Str -2) [potion of
                  | mutation]
 14501 | D:10     | Gained mutation: Your spells are a little easier to cast,
                  | but a little less powerful. [potion of mutation]
 14501 | D:10     | Gained mutation: You expend magic power (3 MP) to
                  | strengthen your wands. [potion of mutation]
 14501 | D:10     | Lost mutation: Your spells are a little easier to cast, but
                  | a little less powerful. [potion of mutation]
 14502 | D:10     | Lost mutation: Potions are less effective at restoring your
                  | health. [potion of mutation]
 14502 | D:10     | Lost mutation: You are weak. (Str -2) [potion of mutation]
 14502 | D:10     | Gained mutation: You are dopey. (Int -2) [potion of
                  | mutation]
 14502 | D:10     | Lost mutation: You are agile. (Dex +2) [potion of mutation]
 14502 | D:10     | Gained mutation: You have a pair of small horns on your
                  | head. [potion of mutation]
 14533 | D:10     | Found a staircase to the Orcish Mines.
 14830 | D:10     | Reached *** piety under Vehumet
 15080 | D:10     | Reached skill level 5 in Conjurations
 15447 | D:10     | Reached skill level 5 in Unarmed Combat
 15447 | D:10     | Reached skill level 5 in Spellcasting
 16055 | D:10     | Found a white marble altar of Elyvilon.
 16055 | D:10     | Noticed a two-headed ogre
 16075 | D:10     | Killed a two-headed ogre
 16075 | D:10     | Reached skill level 5 in Evocations
 16075 | D:10     | Reached XP level 11. HP: 46/46 MP: 19/19
 16174 | D:10     | Offered knowledge of Static Discharge by Vehumet.
 17022 | D:11     | Reached skill level 5 in Fighting
 17309 | Lair:1   | Entered Level 1 of the Lair of Beasts
 17357 | Lair:1   | Noticed an oklob plant
 17357 | Lair:1   | Noticed an oklob plant
 17569 | Lair:1   | Reached skill level 5 in Ice Magic
 17682 | Lair:1   | Noticed a six-headed hydra
 17751 | Lair:1   | Killed a six-headed hydra
 18496 | Lair:1   | Noticed an oklob plant
 18522 | Lair:1   | Killed an oklob plant
 18553 | Lair:1   | Killed an oklob plant
 18576 | Lair:1   | Killed an oklob plant
 18672 | Lair:2   | Noticed a seven-headed hydra
 18948 | Lair:2   | Found a staircase to the Snake Pit.
 18962 | Lair:2   | Reached **** piety under Vehumet
 19033 | Lair:2   | Offered knowledge of Bolt of Draining by Vehumet.
 19040 | Lair:2   | Learned a level 5 spell: Bolt of Draining
 19049 | Lair:2   | Found a frozen archway.
 19059 | IceCv    | Entered an ice cave
 19119 | IceCv    | Slain by a death yak simulacrum
 19120 | IceCv    | Reached XP level 10. HP: -3/44 MP: 1/28
 19130 | IceCv    | Found an ancient bone altar of Kikubaaqudgha.
 19156 | IceCv    | HP: 2/44 [freezing wraith (3)]
 19195 | IceCv    | Noticed an ice statue
 19218 | IceCv    | Reached XP level 11. HP: 11/48 MP: 13/20
 20352 | IceCv    | Reached skill level 1 in Necromancy
 22191 | IceCv    | Reached ***** piety under Vehumet
 22238 | IceCv    | Offered knowledge of Poison Arrow by Vehumet.
 22539 | IceCv    | Noticed a necromancer
 22562 | IceCv    | Killed a necromancer
 24152 | Lair:2   | Found a snail-covered altar of Cheibriados.
 24472 | Lair:2   | Found a staircase to the Shoals.
 25109 | Lair:2   | Killed a seven-headed hydra
 25435 | Lair:3   | You fall through a shaft!
 25498 | Lair:4   | Gained mutation: Your thick and shaggy fur keeps you warm.
                  | (AC +3, rC+) [Felid growth]
 25498 | Lair:4   | Reached XP level 12. HP: 52/52 MP: 22/22
 25573 | Lair:4   | Noticed Kirke
 25603 | Lair:3   | Noticed a five-headed hydra
 25674 | Lair:4   | Killed Kirke
 27781 | Lair:5   | Noticed an eight-headed hydra
 27859 | Lair:5   | Killed an eight-headed hydra
 28201 | Lair:5   | Noticed an eight-headed hydra
 28219 | Lair:5   | Killed an eight-headed hydra
 28951 | Lair:6   | Entered Level 6 of the Lair of Beasts
 29334 | Lair:6   | Found a staircase to the Slime Pits.
 29334 | Lair:6   | Noticed a four-headed hydra
 29493 | Lair:6   | Reached XP level 13. HP: 57/57 MP: 23/23
 31456 | Lair:6   | Found a bloodstained altar of Trog.
 31457 | Lair:6   | Noticed Nessos
 31476 | Lair:6   | Killed Nessos
 31709 | Lair:6   | Offered knowledge of Bolt of Cold by Vehumet.
 31733 | Lair:6   | Learned a level 6 spell: Bolt of Cold
 32230 | Lair:6   | Noticed a fire dragon
 32230 | Lair:6   | Found a large runed translucent door.
 32391 | Lair:6   | Found a large runed translucent door.
 32699 | Lair:6   | Killed a fire dragon
 34932 | D:10     | Bought a potion of degeneration for 13 gold pieces
 35442 | D:9      | Killed Descartes's ghost
 35997 | D:5      | Killed gre3edy's ghost
 36711 | D:8      | HP: 1/57 [electric eel/bolt of electricity (12)]
 37074 | D:8      | Got a crude ivory amulet
 37078 | D:8      | Identified the amulet "Leasas" {Faith rPois rF- rC++ MR+}
                  | (You found it on level 8 of the Dungeon)
 37215 | D:11     | Noticed Sonja
 37218 | D:11     | Killed Sonja
 37275 | D:11     | Lost mutation: You are dopey. (Int -2) [potion of mutation]
 37275 | D:11     | Lost mutation: You have a pair of small horns on your head.
                  | [potion of mutation]
 37275 | D:11     | Gained mutation: You are clumsy. (Dex -2) [potion of
                  | mutation]
 37275 | D:11     | Gained mutation: You possess an exceptional clarity of
                  | mind. [potion of mutation]
 37275 | D:11     | Gained mutation: Your spells are a little harder to cast,
                  | but a little more powerful. [potion of mutation]
 37580 | D:12     | Reached XP level 14. HP: 61/61 MP: 25/25
 39223 | D:13     | Found a gate to the Vaults.
 40245 | D:14     | Found a gate leading to a gauntlet.
 40339 | Gauntlet | Entered a Gauntlet
 40339 | Gauntlet | Found a transporter.
 40339 | Gauntlet | Found a transporter.
 40339 | Gauntlet | Found a transporter.
 40348 | Gauntlet | Found a transporter.
 40350 | Gauntlet | Found a transporter.
 40363 | Gauntlet | Found a transporter.
 40370 | Gauntlet | Found a transporter.
 40562 | Gauntlet | Found a transporter.
 40574 | Gauntlet | Reached skill level 10 in Dodging
 40765 | Gauntlet | Got a slimy tin ring
 40772 | Gauntlet | Lost strength.
 40772 | Gauntlet | Identified the ring "Mafontow" {rPois Str-5 Dex+5 SInv
                  | Stlth+} (You found it in a Gauntlet)
 40800 | Gauntlet | Found a transporter.
 40800 | Gauntlet | Noticed a reaper
 40826 | Gauntlet | Identified the ring "Hoschysez" {+Fly MP+9 Dex+2 SInv
                  | Stlth+}
 40835 | Gauntlet | Reached skill level 15 in Hexes
 40864 | Gauntlet | Identified the Reference Book on the Traveller
 40872 | Gauntlet | Identified the Guide on Protection
 41118 | D:14     | Offered knowledge of Lightning Bolt by Vehumet.
 41118 | D:14     | Reached skill level 15 in Stealth
 41118 | D:14     | Reached skill level 10 in Ice Magic
 43073 | D:14     | Found a sacrificial altar of Ru.
 43445 | D:15     | Entered Level 15 of the Dungeon
 44781 | D:15     | Reached skill level 5 in Necromancy
 45431 | D:15     | Noticed an emperor scorpion
 45438 | D:15     | Found a staircase to the Depths.
 45451 | D:15     | Killed an emperor scorpion
 45648 | D:15     | Found a radiant altar of Vehumet.
 45779 | D:13     | Identified 3 scrolls of acquirement
 45949 | Orc:1    | Entered Level 1 of the Orcish Mines
 45960 | Orc:1    | Noticed Jorgrun
 45963 | Orc:1    | Offered knowledge of Freezing Cloud by Vehumet.
 45968 | Orc:1    | HP: 1/62 [Jorgrun/blast of rock fragments (46)]
 45968 | Orc:1    | Slain by Jorgrun
 45969 | Orc:1    | Reached XP level 13. HP: -4/58 MP: 11/34
 45983 | Orc:2    | Entered Level 2 of the Orcish Mines
 45991 | Orc:2    | Found a staircase to the Elven Halls.
 46025 | Orc:2    | Noticed an orc warlord
 46188 | Orc:2    | Found Siwneen's Antique Armour Shoppe.
 46201 | Orc:2    | Found Subroibo's Antique Armour Shop.
 46259 | Orc:2    | Found Naovuhun's Magic Scroll Boutique.
 46267 | Orc:2    | Bought a scroll of silence for 120 gold pieces
 46267 | Orc:2    | Bought a scroll of summoning for 152 gold pieces
 46267 | Orc:2    | Bought a scroll of teleportation for 48 gold pieces
 46267 | Orc:2    | Bought a scroll of identify for 32 gold pieces
 46267 | Orc:2    | Bought a scroll of amnesia for 56 gold pieces
 46267 | Orc:2    | Bought a scroll of identify for 32 gold pieces
 46267 | Orc:2    | Bought a scroll of fear for 56 gold pieces
 46267 | Orc:2    | Bought a scroll of teleportation for 48 gold pieces
 46623 | Orc:1    | Noticed Josephine
 46721 | Orc:2    | Killed an orc warlord
 46721 | Orc:2    | Reached XP level 14. HP: 44/62 MP: 5/26
 47032 | Orc:2    | Found Xakh's Gadget Emporium.
 47041 | Orc:2    | Found Cosoetui's Gadget Shop.
 47134 | Orc:2    | Found Reufikk's Food Boutique.
 47144 | Orc:2    | Found Petify's General Store.
 48025 | Orc:2    | Found Kigobb's Gadget Boutique.
 48026 | Orc:2    | Found Lohyin's General Store.
 48170 | Orc:2    | Bought a scroll of identify for 32 gold pieces
 48358 | Orc:1    | Noticed Erica
 49003 | Orc:1    | Found Bsoiret's Bounteous Boutique.
 49008 | Orc:1    | Killed Josephine
 49290 | Orc:1    | Killed Erica
 49365 | Orc:2    | Bought a wand of clouds (4) for 288 gold pieces
 49990 | Orc:1    | Killed Jorgrun
 50778 | D:11     | Offered knowledge of Iron Shot by Vehumet.
 51163 | D:11     | Reached skill level 10 in Conjurations
 51658 | D:10     | Upgraded the game from 0.23.2-1-ga50397a6bc to
                  | 0.23.2-11-gf996548c65
 51795 | Snake:1  | Entered Level 1 of the Snake Pit
 51798 | Snake:1  | Found Hivox's Magic Scroll Boutique.
 51798 | Snake:1  | Found Josha's Magic Scroll Shop.
 51800 | Snake:1  | Found Dargh's Gadget Shop.
 51803 | Snake:1  | Found Zudita's Weapon Boutique.
 51808 | Snake:1  | Bought a scroll of fog for 36 gold pieces
 51808 | Snake:1  | Bought a scroll of blinking for 135 gold pieces
 51814 | Snake:1  | Bought a scroll of vulnerability for 142 gold pieces
 52720 | Snake:1  | Found Hagha's Assorted Antiques.
 55116 | Snake:1  | Bought a scroll of identify for 36 gold pieces
 55117 | Snake:1  | Bought a scroll of identify for 36 gold pieces
 55123 | Snake:1  | Got a twitching copper ring
 55127 | Snake:1  | Bought a scroll of identify for 36 gold pieces
 55127 | Snake:1  | Identified the ring "Sobeozxu" {rN++ MR+ MP+9 SInv} (You
                  | acquired it on level 1 of the Snake Pit)
 55129 | Snake:1  | Got a shimmering amber ring
 55131 | Snake:1  | Identified the ring of Compassion {rElec rPois Int+5
                  | Stlth+} (You acquired it on level 1 of the Snake Pit)
 55133 | Snake:1  | Got a transparent ruby amulet
 55134 | Snake:1  | Bought a scroll of identify for 36 gold pieces
 55134 | Snake:1  | Identified the amulet "Ruuto" {RegenMP rF- rC+++ Str-2
                  | Slay+5} (You acquired it on level 1 of the Snake Pit)
 55209 | Snake:2  | Reached XP level 15. HP: 51/66 MP: 18/28
 57345 | Snake:3  | Offered knowledge of Ozocubu's Refrigeration by Vehumet.
 57354 | Snake:3  | Learned a level 6 spell: Ozocubu's Refrigeration
 58843 | Snake:3  | Noticed Vashnia
 60439 | Snake:3  | HP: 1/67 [naga sharpshooter/bolt (8)]
 60440 | Snake:2  | Succumbed to a naga sharpshooter's splash of poison
 60441 | Snake:2  | Reached XP level 14. HP: 0/63 MP: 2/27
 61068 | Snake:3  | Found a runed translucent gate.
 61069 | Snake:3  | Found a runed translucent gate.
 61070 | Snake:3  | Found a runed translucent gate.
 61071 | Snake:3  | Noticed NeAGen181's ghost (adept HOFi)
 61072 | Snake:3  | Noticed dracomuter's ghost (adept DrTm)
 61072 | Snake:3  | Noticed Tubigim's ghost (adept CeHu)
 61072 | Snake:3  | Noticed Yrghoe Jijamo's ghost (adept DrCj)
 63267 | Snake:3  | Shot with a bolt by Vashnia
 63268 | Snake:3  | Reached XP level 13. HP: -2/59 MP: 21/26
 63289 | Snake:4  | Entered Level 4 of the Snake Pit
 63972 | Snake:4  | Reached XP level 14. HP: 63/63 MP: 25/27
 64259 | Snake:4  | Noticed a nagaraja
 64755 | Snake:4  | Killed a nagaraja
 65134 | Snake:4  | Noticed a nagaraja
 65136 | Snake:4  | Offered knowledge of Bolt of Fire by Vehumet.
 65646 | Snake:4  | Noticed Louise
 65688 | Snake:4  | Killed Louise
 65852 | Snake:4  | Noticed a nagaraja
 65882 | Snake:4  | Killed a nagaraja
 65902 | Snake:4  | Noticed a nagaraja
 65925 | Snake:4  | Killed a nagaraja
 67433 | Snake:4  | Killed a nagaraja
 67564 | Snake:4  | Noticed a nagaraja
 67583 | Snake:4  | Killed a nagaraja
 67583 | Snake:4  | Reached XP level 15. HP: 54/67 MP: 10/28
 68152 | Snake:4  | Noticed a nagaraja
 68157 | Snake:4  | Killed a nagaraja
 68157 | Snake:4  | Noticed a nagaraja
 68200 | Snake:4  | Killed a nagaraja
 68200 | Snake:4  | Reached skill level 10 in Evocations
 68437 | Snake:4  | Got a serpentine rune of Zot
 69112 | Orc:2    | Bought a potion of heal wounds for 70 gold pieces
 69112 | Orc:2    | Bought a scroll of identify for 28 gold pieces
 69164 | Elf:1    | Entered Level 1 of the Elven Halls
 69302 | Elf:1    | Found Affisme's Jewellery Emporium.
 69306 | Elf:1    | Bought a +1 ring of protection for 45 gold pieces
 69362 | Elf:1    | Found a flickering gateway to a bazaar.
 69369 | Bazaar   | Entered a bazaar
 69372 | Bazaar   | Found Rirups's Book Shop.
 69402 | Bazaar   | Found Vuitat's Gadget Boutique.
 69429 | Bazaar   | Found Fexuej's Book Shop.
 69429 | Bazaar   | Found Qemmucw's Magic Scroll Boutique.
 69490 | Bazaar   | Bought a book of the Tempests for 700 gold pieces
 69496 | Bazaar   | Bought a scroll of amnesia for 38 gold pieces
 69496 | Bazaar   | Bought a scroll of blinking for 82 gold pieces
 69825 | Elf:1    | Killed from afar by a deep elf mage

Skill      XL: |  1  2  3  4  5  6  7  8  9 10 11 12 13 14 15 |
---------------+----------------------------------------------+-----
Hexes          | 5 6 7 8 9 11 12 13 14 17 | 17.7
Dodging        | 3 4 5 6 7 8 9 10 11 | 11.8
Ice Magic      | 1 2 3 4 6 7 9 13 12 | 13.3
Stealth        | 5 6 7 8 9 11 12 13 14 17 | 17.5
Fighting       | 1 2 3 4 6 7 9 |  9.2
Unarmed Combat | 2 3 4 5 6 7 9 |  9.3
Spellcasting   | 3 4 5 6 7 8 |  8.8
Evocations     | 2 3 4 5 6 7 9 10 | 10.0
Conjurations   | 2 4 5 7 8 11 | 11.3
Necromancy     | 2 3 4 7 6 |  7.2

Action                   |  1- 3 |  4- 6 |  7- 9 | 10-12 | 13-15 || total
-------------------------+-------+-------+-------+-------+-------++-------
Melee: Unarmed           |    73 |    61 |   180 |   546 |   811 ||  1671
       Bite              |     3 |     2 |     7 |    48 |    61 ||   121
       Punch             |       |       |     2 |    12 |    19 ||    33
       Headbutt          |       |       |       |    82 |    26 ||   108
 Cast: Corona            |     9 |     1 |       |       |     2 ||    12
       Ensorcelled Hiber |    24 |    39 |   104 |   170 |   426 ||   763
       Confuse           |     1 |     5 |    58 |   204 |   356 ||   624
       Tukima's Dance    |       |       |    16 |    23 |    49 ||    88
       Dazzling Spray    |       |       |     5 |    62 |    51 ||   118
       Summon Guardian G |       |       |     1 |    59 |    20 ||    80
       Bolt of Draining  |       |       |       |    44 |    28 ||    72
       Bolt of Cold      |       |       |       |       |   216 ||   216
       Ozocubu's Refrige |       |       |       |       |     5 ||     5
 Abil: Evoke Flight      |       |       |       |       |     1 ||     1
Evoke: Wand              |       |       |       |     6 |    12 ||    18
       Crystal ball of e |       |       |       |       |     5 ||     5
  Use: Scroll            |       |     2 |     1 |    10 |    32 ||    45
       Potion            |       |       |       |     8 |     8 ||    16
 Stab: Sleeping          |    25 |    30 |    64 |   124 |   304 ||   547
       Confused          |       |     4 |    22 |    75 |   135 ||   236
       Distracted        |       |     1 |       |       |       ||     1
       Invisible         |       |       |       |     1 |     6 ||     7
  Eat: Chunk             |    10 |     9 |    21 |    65 |   133 ||   238
       Ration            |       |       |       |     4 |    19 ||    23
Armor: Skin              |     1 |     4 |     9 |    13 |    21 ||    48
Dodge: Dodged            |    53 |    43 |   163 |   436 |   700 ||  1395
